Map: Bel'Shir Vestige LE (Void)

Players

Rob - Winner!

  • Race: Protoss Protoss
  • League: Grandmaster
  • Spawn Location: 11:00

Jason

  • Race: Terran Terran
  • League: Grandmaster
  • Spawn Location: 5:00

VOD

Have the link to the VOD?

Description

Time

  • Played on: May 13, 2019, 6:48 p.m.
  • Length: 5:42
Show
View Real Time Build Order
Export as new Build Order

Rob Protoss - Winner!

Build Orders: 1 Gate Expand 

Get SALT Encoding   

  12  0:00  Probe  
  13  0:12  Probe  
  14  0:17  Pylon  
  14  0:24  Probe  
  15  0:32  Probe  
  15  0:36  Gateway  
  15  0:40  Probe  
  16  0:46  Assimilator  
  17  0:51  Probe  
  18  1:03  Probe  
  19  1:15  Probe  
  20  1:23  Nexus  
  20  1:31  Cybernetics Core  
  20  1:34  Probe  
  21  1:40  Assimilator  
  21  1:46  Probe  
  22  1:50  Pylon  
  22  1:57  Assimilator  
  22  1:58  Adept  
  22  1:59  Probe  
  25  2:09  Warp Gate  
  26  2:15  Probe  
  26  2:27  Probe  
  26  2:28  Stalker  
  29  2:35  Probe  
  30  2:40  Probe  
  31  2:47  Probe  
  31  2:50  Robotics Facility  
  32  2:52  Probe  
  33  2:59  Stalker, Probe  
  33  3:04  Probe  
  37  3:09  Gateway  
  37  3:12  Gateway  
  37  3:14  Probe  
  37  3:17  Probe  
  39  3:22  Shield Battery  
  39  3:26  Probe  
  40  3:28  Immortal  
  40  3:29  Probe  
  41  3:38  Probe  
  46  3:42  Pylon  
  46  3:47  Pylon  
  46  3:57  Warp Prism  
  46  3:58  Gateway  
  46  3:59  Gateway  
  46  4:01  Pylon  
  46  4:02  Sentry  
  48  4:03  Sentry  
  52  4:12  Probe x2  
  52  4:15  Pylon  
  54  4:19  Pylon  
  54  4:24  Stalker  
  56  4:27  Pylon  
  56  4:31  Stalker  
  58  4:33  Sentry  
  60  4:43  Pylon  
  60  4:44  Pylon  
  60  4:51  Stalker  
  62  4:53  Stalker x2  
  62  4:56  Stalker  
  68  5:06  Stalker  
  68  5:36  Stalker x4  
  68  5:37  Zealot  
Show
View Real Time Build Order
Export as new Build Order

Jason Terran 

Build Orders: Gas First Reaper Expand 

Get SALT Encoding   

  12  0:01  SCV  
  13  0:13  SCV  
  14  0:18  Supply Depot  
  14  0:25  SCV  
  15  0:32  Refinery  
  15  0:40  SCV  
  16  0:44  Barracks  
  16  0:52  SCV  
  18  1:04  SCV  
  18  1:18  SCV  
  19  1:32  Reaper, Orbital Command  
  20  1:48  Command Center  
  20  1:58  SCV  
  21  2:02  Factory  
  21  2:10  Barracks Reactor  
  21  2:11  SCV  
  21  2:15  Supply Depot  
  22  2:23  SCV  
  23  2:32  Refinery  
  23  2:36  SCV  
  24  2:46  Marine x2  
  24  2:48  SCV, Hellion  
  24  2:50  Starport  
  29  3:00  Orbital Command  
  29  3:04  Marine x2  
  31  3:06  SCV  
  31  3:12  Widow Mine  
  34  3:19  SCV  
  35  3:25  Marine x2  
  37  3:27  Supply Depot  
  37  3:29  SCV  
  37  3:31  SCV  
  39  3:34  Factory Tech Lab  
  39  3:36  Medivac  
  39  3:41  SCV  
  42  3:43  SCV  
  42  3:46  Marine x2  
  45  3:56  SCV x2  
  45  3:57  Supply Depot  
  45  3:59  Factory Tech Lab  
  47  4:05  Marine x2  
  47  4:08  SCV x2  
  51  4:10  Barracks  
  51  4:11  Supply Depot  
  51  4:13  Raven  
  53  4:21  SCV, Barracks  
  53  4:22  SCV  
  55  4:30  Bunker  
  55  4:33  SCV  
  55  4:34  SCV  
  55  4:35  Refinery  
  55  4:37  Engineering Bay  
  57  4:41  Marine  
  57  4:42  Marine  
  59  4:45  SCV  
  59  4:46  SCV  
  59  4:51  Factory Reactor  
  61  4:55  Supply Depot  
  61  4:57  SCV  
  61  4:58  SCV  
  61  4:59  Marine  
  64  5:00  Marine, Supply Depot  
  65  5:09  Starport Reactor  
  65  5:10  SCV, Marauder  
  65  5:11  SCV  
  69  5:22  SCV, Supply Depot  
Tags
 
Add a new tag
Caveats
  • Supply blocks, unpowered buildings, or Contaminate may cause inaccurate times.
  • Supply counts are checked every 10 seconds.